 Dungeon Crawl Stone Soup version 0.30-b1-2-g02819fbbbe (webtiles) character file.

Game seed: 10000235877049313636

47 MisterFreud the Changer (level 3, -2/42 HPs)
             Began as a Draconian Transmuter on Aug 21, 2023.
             Slain by Terence
             ... wielding a +0 short sword of venom
              (5 damage)
             ... on level 2 of the Dungeon.
             The game lasted 00:01:16 (1291 turns).

MisterFreud the Changer (Draconian Transmuter)      Turns: 1291, Time: 00:01:16

Health: -2/42      AC: 21    Str: 12    XL:     3   Next: 48%
Magic:  5/6        EV:  2    Int: 15    God:
Gold:   98         SH:  0    Dex: 11    Spells: 5/6 levels left

rFire   . .          .
                       - Unarmed
rCold   . . .        (no shield)
rNeg    . . .        (body armour unavailable)
rPois   +            (helmet currently unavailable)
rElec   .            (cloak currently unavailable)
rCorr   .            (gloves currently unavailable)
SInv    .            (boots currently unavailable)
Will    .....        (no amulet)
Stlth   +            (no ring)
HPRegen 0.27/turn    (no ring)
MPRegen 0.10/turn

%: no passive effects
@: lethally poisoned (-2 -> -20), tree-form
A: stationary, stasis, torment immunity, boosted hp, AC +5, unfitting armour,
(cold-blooded)
a: no special abilities


You were on level 2 of the Dungeon.
You were a tree.
You visited 1 branch of the dungeon, and saw 2 of its levels.

You collected 98 gold pieces.

Inventory:

Potions
 b - a potion of attraction {unknown}
 c - a potion of brilliance {unknown}
 e - 2 potions of might
 f - 2 potions of curing {unknown}
 g - a potion of heal wounds {unknown}


   Skills:
 - Level 1.1 Fighting
 - Level 1.7 Dodging
 - Level 3.0 Unarmed Combat
 - Level 2.0 Spellcasting
 + Level 3.9 Transmutations


You had 5 spell levels left.
You knew the following spells:

 Your Spells              Type           Power      Damage    Failure   Level
a - Beastly Appendage     Tmut           26%        N/A       4%          1

Your spell library contained the following spells:

 Spells                   Type           Power      Damage    Failure   Level
 Wereblood                Tmut           13%        N/A       7%          2
 Spider Form              Tmut/Pois      7%         N/A       30%         3
 Ice Form                 Ice/Tmut       7%         N/A       69%         4


Dungeon Overview and Level Annotations

Branches:
Dungeon (2/15)

Altars:

Annotations:
D:2 Terence


Innate Abilities, Weirdness & Mutations

You are a tree.
Your roots penetrate the ground, keeping you stationary.
You cannot be teleported.
You are immune to unholy pain and torment.
Your maximum health is greatly increased.
Your equipment is partially melded.
((Your plain brown scales are hard. (AC +5)))
You cannot fit into any form of body armour.
((You are cold-blooded and may be slowed by cold attacks.))


Message History

Found two stone staircases leading up.
Terence is nearby!
Terence is nearby!
Terence hits you with a +0 short sword of venom.
You are poisoned.
You grow a pair of large bovine horns.
Your feet morph into talons.
You feel sick. Terence closely misses you.
Unknown command.
You closely miss Terence. You claw Terence. Your headbutt misses Terence.
You tail-slap Terence, but do no damage.
Terence is lightly wounded.
You feel sick.
Terence hits you with a +0 short sword of venom.
You are more poisoned.
Unknown command.
You closely miss Terence. Your headbutt misses Terence.
Your tail-slap misses Terence.
You punch Terence.
Terence is lightly wounded.
You feel very sick. Terence closely misses you.
You hit Terence. Your kick misses Terence. You headbutt Terence.
Terence is moderately wounded.
You feel sick.
Terence hits you with a +0 short sword of venom.
You are lethally poisoned!
Unknown command.
You hit Terence. You claw Terence.
Terence is severely wounded.
* * * LOW HITPOINT WARNING * * *
You feel very sick.
Terence hits you with a +0 short sword of venom.
* * * LOW HITPOINT WARNING * * *
You are more poisoned.
Really quaff the potion of lignification?
Your horns disappear.
Your talons disappear.
You turn into a tree.
Your roots penetrate the ground.
* * * LOW HITPOINT WARNING * * *
You feel very sick.
Terence hits you with a +0 short sword of venom.
You die...

.# #######.# ######
........## .....#
......... .....#
.......# ######
####.#...<# #
#........<#. #
####|..♣@...... #
########.....#.###....
###............+... .
....######.....#.#...
##..# #.......#.....
#..# #.....### ###.
#..#### #.......
#.....# #........
#.###.# #.....###


You could see Terence.

Vanquished Creatures
  An adder (D:2)
  A dart slug (D:1)
  An endoplasm (D:1)
  A giant cockroach (D:1)
  6 goblins
  3 hobgoblins
  6 jackals
  3 quokkas (D:1)
  A ball python (D:1)
  A bat (D:1)
  A frilled lizard (D:1)
  6 kobolds
  3 rats (D:1)
34 creatures vanquished.

Notes
Turn   | Place    | Note
-------+----------+-------------------------------------------
     0 | D:1      | MisterFreud the Draconian Transmuter began the quest for
                  | the Orb.
     0 | D:1      | Reached XP level 1. HP: 16/16 MP: 3/3
   185 | D:1      | Reached XP level 2. HP: 21/23 MP: 5/5
   585 | D:1      | Reached XP level 3. HP: 25/28 MP: 6/6
  1282 | D:2      | Noticed Terence
  1291 | D:2      | Slain by Terence

Illustrated notes

Levels and vault maps discovered:
D:1:      dpeg_arrival_ternary, layout_loops_ring
D:2:      layout_basic, serial_shops, shop, nicolae_shop_pleasant_corner_grove,
          shop, uniq_sigmund, uniq_terence

Skill      XL: |  1  2 |
---------------+-------+-----
Transmutations | 3 |  3.9
Fighting       | |  1.1
Dodging        | |  1.7
Unarmed Combat | |  3.0
Spellcasting   | |  2.0

Action                     || total
---------------------------++-------
  Melee: Unarmed           ||   119
         Tailslap          ||     7
         Punch             ||     4
         Kick              ||    14
         Headbutt          ||     4
   Cast: Beastly Appendage ||    16
    Use: Scroll            ||     2
         Potion            ||     1
 Armour: Skin              ||    23
  Dodge: Dodged            ||    82
